TOP OF THE 1ST |
Oakland Oaks batting - Pitching for Atlanta Smoke : RHP Fraser Cuevas
|
Pitching: RHP Fraser Cuevas
|
|
Batting: SHB Luis Luquín
|
0-0: Fly out, F8 (Flyball, 8LD)
|
Batting: LHB Todd Henry
|
0-0: Ball 1-0: Called Strike 1-1: Ball 2-1: Foul Ball, location: 2F 2-2: Fly out, F5 (Popup, 5F)
|
Batting: RHB Ricardo Téllez
|
0-0: Foul Ball, location: 2F 0-1: Ball 1-1: Ball 2-1: Foul Ball, location: 2F 2-2: Foul Ball, location: 2F 2-2: Ball 3-2: Ground out 5-3 (Groundball, 56)
|
Top of the 1st over - 0 runs, 0 hits, 0 errors, 0 left on base; Oakland 0 - Atlanta 0 |
BOTTOM OF THE 1ST |
Atlanta Smoke batting - Pitching for Oakland Oaks : RHP Merlin Bassett
|
Pitching: RHP Merlin Bassett
|
|
Batting: RHB Bartolo Morales
|
0-0: Ball 1-0: SINGLE (Line Drive, 56)
|
Batting: LHB Albert Morán
|
0-0: Foul Ball, location: 2F 0-1: Ball 1-1: Ball 2-1: Foul Ball, location: 2F 2-2: Ball 3-2: SINGLE (Groundball, 34) (infield hit) Bartolo Morales to second
|
Batting: LHB Yataro Kodo
|
0-0: Ball 1-0: Foul Ball, location: 2F 1-1: DOUBLE (Flyball, 8RXD) Bartolo Morales scores Albert Morán to third Runner from 3rd tries for Home, SAFE, no throw
|
Batting: SHB Valentín Guzmán
|
0-0: Fly out, F7 (Flyball, 78S)
|
Batting: RHB Gabriel Maldonado
|
0-0: Ball 1-0: Ball 2-0: Reached on error, E4 (Groundball, 4D) Yataro Kodo scores
|
Batting: RHB Bobby Butterfield
|
0-0: Ball 1-0: Ball 2-0: Ball 3-0: Called Strike 3-1: Foul Ball, location: 2F 3-2: Foul Ball, location: 2F 3-2: Strikes out swinging
|
Batting: RHB Casey Cavell
|
0-0: Ball 1-0: Called Strike 1-1: Called Strike 1-2: SINGLE (Line Drive, 8LS) Gabriel Maldonado to third Runner from 3rd tries for Home, SAFE, no throw
|
Batting: SHB Melito Báez
|
0-0: Called Strike 0-1: Fly out, F7 (Flyball, 7)
|
Bottom of the 1st over - 4 runs, 4 hits, 1 error, 1 left on base; Oakland 0 - Atlanta 4 |
TOP OF THE 2ND |
Oakland Oaks batting - Pitching for Atlanta Smoke : RHP Fraser Cuevas
|
Batting: RHB Joseph Papasogli
|
0-0: Foul Ball, location: 2F 0-1: Swinging Strike 0-2: Foul Ball, location: 2F 0-2: Strikes out swinging
|
Batting: LHB Todd Williams
|
0-0: Ball 1-0: Ball 2-0: SINGLE (Flyball, 7LS)
|
Batting: LHB David Holbrook
|
0-0: Ball 1-0: Ball 2-0: Foul Ball, location: 2F 2-1: Ball 3-1: Foul Ball, location: 2F 3-2: DOUBLE (Line Drive, 5D) Todd Williams to third Runner from 3rd tries for Home, throw and OUT!
|
Batting: RHB Yehonatan Chazan
|
0-0: Called Strike 0-1: Ball 1-1: Swinging Strike 1-2: SINGLE (Groundball, 6MD) David Holbrook to third Runner from 3rd tries for Home, SAFE, no throw
|
Batting: LHB Edwin Church
|
0-0: Ball 1-0: Ball 2-0: Called Strike 2-1: Ball 3-1: Fly out, F7 (Line Drive, 78D)
|
Top of the 2nd over - 1 run, 3 hits, 0 errors, 1 left on base; Oakland 1 - Atlanta 4 |
BOTTOM OF THE 2ND |
Atlanta Smoke batting - Pitching for Oakland Oaks : RHP Merlin Bassett
|
Batting: RHB Gerardo Castillo
|
0-0: Ball 1-0: Foul Ball, location: 2F 1-1: Swinging Strike 1-2: Strikes out swinging
|
Batting: RHB Bartolo Morales
|
0-0: SINGLE (Groundball, 56D)
|
Batting: LHB Albert Morán
|
0-0: Ball 1-0: Grounds into double play, 6-4-3 (Groundball, 6)
|
Bottom of the 2nd over - 0 runs, 1 hit, 0 errors, 0 left on base; Oakland 1 - Atlanta 4 |
TOP OF THE 3RD |
Oakland Oaks batting - Pitching for Atlanta Smoke : RHP Fraser Cuevas
|
Batting: RHB Mike Wazowski
|
0-0: Called Strike 0-1: TRIPLE (Flyball, 78XD)
|
Batting: SHB Luis Luquín
|
0-0: Ball 1-0: Fly out, F7 (Flyball, 78D) Runner from 3rd tags up, SCORES, throw made
|
Batting: LHB Todd Henry
|
0-0: Ball 1-0: Foul Ball, location: 2F 1-1: Ground out 4-3 (Groundball, 4)
|
Batting: RHB Ricardo Téllez
|
0-0: Ground out 6-3 (Groundball, 6)
|
Top of the 3rd over - 1 run, 1 hit, 0 errors, 0 left on base; Oakland 2 - Atlanta 4 |
BOTTOM OF THE 3RD |
Atlanta Smoke batting - Pitching for Oakland Oaks : RHP Merlin Bassett
|
Batting: LHB Yataro Kodo
|
0-0: Ball 1-0: SINGLE (Line Drive, 56D)
|
Batting: SHB Valentín Guzmán
|
0-0: Ball 1-0: Ball 2-0: Foul Ball, location: 2F 2-1: Ball 3-1: Ground out U3 (Groundball, 23) Yataro Kodo to second
|
Batting: RHB Gabriel Maldonado
|
0-0: Ball 1-0: 2-RUN HOME RUN (Flyball, 78XD), Distance : 435 ft
|
Batting: RHB Bobby Butterfield
|
0-0: SINGLE (Line Drive, 7S)
|
Pitching: RHP Júlio Maes
|
|
Batting: RHB Casey Cavell
|
0-0: Ball 1-0: Swinging Strike 1-1: DOUBLE (Flyball, 78XD) Bobby Butterfield to third Runner from 3rd tries for Home, SAFE, no throw
|
Batting: SHB Melito Báez
|
0-0: Ball 1-0: Foul Ball, location: 2F 1-1: Called Strike 1-2: DOUBLE (Groundball, 3L) Casey Cavell scores
|
Batting: RHB Gerardo Castillo
|
0-0: Ball 1-0: Fly out, F7 (Line Drive, 7)
|
Batting: RHB Bartolo Morales
|
0-0: Foul Ball, location: 2F 0-1: Called Strike 0-2: Ball 1-2: Strikes out swinging
|
Bottom of the 3rd over - 4 runs, 5 hits, 0 errors, 1 left on base; Oakland 2 - Atlanta 8 |
TOP OF THE 4TH |
Oakland Oaks batting - Pitching for Atlanta Smoke : RHP Fraser Cuevas
|
Batting: RHB Joseph Papasogli
|
0-0: Swinging Strike 0-1: Ball 1-1: Foul Ball, location: 2F 1-2: Ball 2-2: Foul Ball, location: 2F 2-2: Fly out, F6 (Line Drive, 6)
|
Batting: LHB Todd Williams
|
0-0: Ball 1-0: Called Strike 1-1: Foul Ball, location: 2F 1-2: Ball 2-2: Foul Ball, location: 2F 2-2: Fly out, F8 (Line Drive, 8RXD)
|
Batting: LHB David Holbrook
|
0-0: TRIPLE (Flyball, 78XD)
|
Batting: RHB Yehonatan Chazan
|
0-0: Ball 1-0: TRIPLE (Flyball, 9D) David Holbrook scores
|
Batting: LHB Edwin Church
|
0-0: Called Strike 0-1: Ball 1-1: Ground out 4-3 (Groundball, 4S)
|
Top of the 4th over - 1 run, 2 hits, 0 errors, 1 left on base; Oakland 3 - Atlanta 8 |
BOTTOM OF THE 4TH |
Atlanta Smoke batting - Pitching for Oakland Oaks : RHP Júlio Maes
|
Batting: LHB Albert Morán
|
0-0: Called Strike 0-1: Swinging Strike 0-2: Foul Ball, location: 2F 0-2: Ball 1-2: Ball 2-2: Strikes out swinging
|
Pitching: RHP John Sirica
|
|
Batting: LHB Yataro Kodo
|
0-0: Called Strike 0-1: Ball 1-1: Ball 2-1: SOLO HOME RUN (Flyball, 9D), Distance : 404 ft
|
Batting: SHB Valentín Guzmán
|
0-0: Fly out, F9 (Line Drive, 9)
|
Batting: RHB Gabriel Maldonado
|
0-0: Ball 1-0: Foul Ball, location: 2F 1-1: Swinging Strike 1-2: Strikes out swinging
|
Bottom of the 4th over - 1 run, 1 hit, 0 errors, 0 left on base; Oakland 3 - Atlanta 9 |
TOP OF THE 5TH |
Oakland Oaks batting - Pitching for Atlanta Smoke : RHP Fraser Cuevas
|
Batting: RHB Mike Wazowski
|
0-0: Called Strike 0-1: Ball 1-1: Ball 2-1: Ball 3-1: SINGLE (Line Drive, 78M)
|
Batting: SHB Luis Luquín
|
0-0: Ball Mike Wazowski steals 2nd base 1-0: Swinging Strike 1-1: Swinging Strike 1-2: Foul Ball, location: 2F 1-2: Strikes out swinging
|
Batting: LHB Todd Henry
|
0-0: Ball 1-0: Ball 2-0: Ball 3-0: Foul Ball, location: 2F 3-1: Called Strike 3-2: Fly out, F1 (Line Drive, 13)
|
Batting: RHB Ricardo Téllez
|
0-0: Ball 1-0: Foul Ball, location: 2F 1-1: Foul Ball, location: 2F 1-2: Strikes out swinging
|
Top of the 5th over - 0 runs, 1 hit, 0 errors, 1 left on base; Oakland 3 - Atlanta 9 |
BOTTOM OF THE 5TH |
Atlanta Smoke batting - Pitching for Oakland Oaks : RHP John Sirica
|
Batting: RHB Bobby Butterfield
|
0-0: Ball 1-0: Ball 2-0: SINGLE (Line Drive, 78S)
|
Batting: RHB Casey Cavell
|
0-0: Ball 1-0: Ball 2-0: Foul Ball, location: 2F 2-1: SINGLE (Line Drive, 56) Bobby Butterfield to second
|
Batting: SHB Melito Báez
|
0-0: Called Strike 0-1: Fly out, F8 (Flyball, 8RD) Runner from 2nd tags up, SAFE at 3rd with throw
|
Batting: RHB Gerardo Castillo
|
0-0: Foul Ball, location: 2F 0-1: Called Strike 0-2: Fly out, F7 (Flyball, 7S) Runner from 3rd tags up, SCORES, throw made
|
Batting: RHB Bartolo Morales
|
0-0: Fly out, F6 (Line Drive, 6)
|
Bottom of the 5th over - 1 run, 2 hits, 0 errors, 1 left on base; Oakland 3 - Atlanta 10 |
TOP OF THE 6TH |
Oakland Oaks batting - Pitching for Atlanta Smoke : RHP Fraser Cuevas
|
Batting: RHB Joseph Papasogli
|
0-0: Ground out 6-3 (Groundball, 6)
|
Batting: LHB Todd Williams
|
0-0: Foul Ball, location: 2F 0-1: Foul Ball, location: 2F 0-2: Ball 1-2: Ball 2-2: Foul Ball, location: 2F 2-2: Fly out, F1 (Line Drive, 15)
|
Batting: LHB David Holbrook
|
0-0: Ball 1-0: Foul Ball, location: 2F 1-1: Ball 2-1: Ground out 4-3 (Groundball, 4M)
|
Top of the 6th over - 0 runs, 0 hits, 0 errors, 0 left on base; Oakland 3 - Atlanta 10 |
BOTTOM OF THE 6TH |
Atlanta Smoke batting - Pitching for Oakland Oaks : RHP John Sirica
|
Batting: LHB Albert Morán
|
0-0: Ball 1-0: Ball 2-0: Foul Ball, location: 2F 2-1: Ball 3-1: Base on Balls
|
Batting: LHB Yataro Kodo
|
0-0: Ball 1-0: Called Strike 1-1: Foul Ball, location: 2F 1-2: Foul Ball, location: 2F 1-2: Foul Ball, location: 2F 1-2: Ball 2-2: Ball 3-2: Foul Ball, location: 2F 3-2: Grounds into double play, 6-4-3 (Groundball, 6)
|
Batting: SHB Valentín Guzmán
|
0-0: Ball 1-0: Ball 2-0: Foul Ball, location: 2F 2-1: Swinging Strike 2-2: SINGLE (Line Drive, 9S)
|
Batting: RHB Gabriel Maldonado
|
0-0: Ball 1-0: Ball 2-0: Ball 3-0: Called Strike 3-1: Fly out, F6 (Line Drive, 6)
|
Bottom of the 6th over - 0 runs, 1 hit, 0 errors, 1 left on base; Oakland 3 - Atlanta 10 |
TOP OF THE 7TH |
Oakland Oaks batting - Pitching for Atlanta Smoke : RHP Fraser Cuevas
|
Batting: RHB Yehonatan Chazan
|
0-0: Ball 1-0: Fly out, F7 (Flyball, 78S)
|
Batting: LHB Edwin Church
|
0-0: Swinging Strike 0-1: Reached on error, E4 (Groundball, 4)
|
Pitching: RHP Eric Lang
|
|
Batting: RHB Mike Wazowski
|
0-0: Ball 1-0: Ball 2-0: Foul Ball, location: 2F 2-1: Foul Ball, location: 2F 2-2: Strikes out swinging
|
Batting: SHB Luis Luquín
|
0-0: Called Strike 0-1: Ground out 4-3 (Groundball, 4)
|
Top of the 7th over - 0 runs, 0 hits, 1 error, 1 left on base; Oakland 3 - Atlanta 10 |
BOTTOM OF THE 7TH |
Atlanta Smoke batting - Pitching for Oakland Oaks : RHP John Sirica
|
Pitching: RHP Gil Brown
|
|
Batting: RHB Bobby Butterfield
|
0-0: Fly out, F5 (Popup, 5SF)
|
Batting: RHB Casey Cavell
|
0-0: Ball 1-0: Ball 2-0: Ball 3-0: Base on Balls
|
Batting: SHB Melito Báez
|
0-0: Ball 1-0: Ball 2-0: Fly out, F8 (Line Drive, 8RM)
|
Batting: RHB Gerardo Castillo
|
0-0: Called Strike 0-1: Fly out, F9 (Flyball, 89M)
|
Bottom of the 7th over - 0 runs, 0 hits, 0 errors, 1 left on base; Oakland 3 - Atlanta 10 |
TOP OF THE 8TH |
Oakland Oaks batting - Pitching for Atlanta Smoke : RHP Eric Lang
|
Batting: LHB Todd Henry
|
0-0: Foul Ball, location: 2F 0-1: Ball 1-1: Foul Ball, location: 2F 1-2: Ball 2-2: Ball 3-2: Base on Balls
|
Batting: RHB Ricardo Téllez
|
0-0: Ball 1-0: Fielders Choice at 2nd, 6-4 (Groundball, 6M)
|
Batting: RHB Joseph Papasogli
|
0-0: Ball 1-0: Ground out 5-3 (Groundball, 5S) Ricardo Téllez to second
|
Batting: LHB Todd Williams
|
0-0: Ball 1-0: Ball 2-0: Foul Ball, location: 2F 2-1: SINGLE (Groundball, 23) (infield hit) Ricardo Téllez to third
|
Batting: LHB David Holbrook
|
0-0: Swinging Strike 0-1: Foul Ball, location: 2F 0-2: Strikes out swinging
|
Top of the 8th over - 0 runs, 1 hit, 0 errors, 2 left on base; Oakland 3 - Atlanta 10 |
BOTTOM OF THE 8TH |
Atlanta Smoke batting - Pitching for Oakland Oaks : RHP Gil Brown
|
Batting: RHB Bartolo Morales
|
0-0: SINGLE (Line Drive, 8LS)
|
Batting: LHB Albert Morán
|
0-0: Ball 1-0: Swinging Strike 1-1: Ball 2-1: Swinging Strike 2-2: Ball 3-2: Fielders Choice at 2nd, 4-6 (Groundball, 4M)
|
Batting: LHB Yataro Kodo
|
0-0: Ball 1-0: Ball 2-0: Ball 3-0: Base on Balls Albert Morán to second
|
Pitching: RHP Seb Alport
|
|
Batting: SHB Valentín Guzmán
|
0-0: Ball 1-0: Called Strike 1-1: Ball 2-1: Ball 3-1: Foul Ball, location: 2F 3-2: Foul Ball, location: 2F 3-2: Fly out, F4 (Popup, 23)
|
Batting: RHB Gabriel Maldonado
|
0-0: Ball 1-0: Ball 2-0: Ball 3-0: Called Strike 3-1: Fly out, F8 (Flyball, 8LM)
|
Bottom of the 8th over - 0 runs, 1 hit, 0 errors, 2 left on base; Oakland 3 - Atlanta 10 |
TOP OF THE 9TH |
Oakland Oaks batting - Pitching for Atlanta Smoke : RHP Eric Lang
|
Batting: RHB Yehonatan Chazan
|
0-0: Ball 1-0: Ball 2-0: Foul Ball, location: 2F 2-1: SINGLE (Popup, 25)
|
Batting: LHB Edwin Church
|
0-0: Ball 1-0: Called Strike 1-1: Foul Ball, location: 2F 1-2: Ball 2-2: 2-RUN HOME RUN (Flyball, 9LD), Distance : 369 ft
|
Batting: RHB Mike Wazowski
|
0-0: SINGLE (Groundball, 56S) (infield hit)
|
Batting: SHB Luis Luquín
|
0-0: Foul Ball, location: 2F 0-1: Ball 1-1: Ball 2-1: Foul Ball, location: 2F 2-2: Strikes out looking
|
Batting: LHB Todd Henry
|
0-0: Called Strike 0-1: Ball 1-1: Swinging Strike 1-2: Foul Ball, location: 2F 1-2: 2-RUN HOME RUN (Flyball, 9D), Distance : 380 ft
|
Pitching: RHP Iván García
|
|
Batting: RHB Ricardo Téllez
|
0-0: Ball 1-0: Ball 2-0: Foul Ball, location: 2F 2-1: Ball 3-1: Ground out 6-3 (Groundball, 6D)
|
Batting: RHB Joseph Papasogli
|
0-0: Foul Ball, location: 2F 0-1: Ball 1-1: Fly out, F9 (Flyball, 9)
|
Top of the 9th over - 4 runs, 4 hits, 0 errors, 0 left on base; Oakland 7 - Atlanta 10 |
|